 Dungeon Crawl Stone Soup version 5.7-8-g3a8b389 (webtiles) character file.

719 Metalrift the Arsonist (level 9, -29/106 HPs)
             Began as a Mountain Dwarf Fire Elementalist on Nov 5, 2019.
             Was a Follower of Elyvilon.
             Annihilated by a white ugly thing (32 damage)
             ... on level 6 of the Dungeon on Nov 9, 2019.
             The game lasted 00:39:40 (5066 turns).

Metalrift the Arsonist (MDFE)                       Turns: 5066, Time: 00:39:42

Health: -29/106    AC: 11 (24%)Str: 17  XL:     9   Next: 21%
Magic:  15/15      EV: 10    Int: 17    God:    Elyvilon [1*[30]]
Gold:   340        SH: 10    Dex: 16    Spells: 5/16 levels left

rFire    . . .     SeeInvis .   w - +1 hand axe (flame)
rCold    . . .     Faith    .   j - +1 shield
rNeg     . . .     Spirit   .   b - +0 ring mail
rPois    +         Reflect  .   x - +0 helmet
rElec    .                      f - +0 cloak
rCorr    .                      v - +0 pair of gloves
MR       .....                  u - +0 pair of boots
Stlth    ..........             (no amulet)
Regen    0.3/turn               d - ring of poison resistance
MPRegen  0.3/turn               (no ring)

@: berserking, very quick
A: agile, mutation resistance 1, wild magic 1, sturdy frame, tiny mouth 1
a: Renounce Religion


You were on level 6 of the Dungeon.
You worshipped Elyvilon.
Elyvilon was aware of your devotion.
You were not hungry.

You visited 1 branch of the dungeon, and saw 6 of its levels.
You also visited: Ossuary.

You collected 340 gold pieces.

Inventory:

Hand Weapons
 l - a +0 spear
 w - a +1 hand axe of flaming (weapon)
Missiles
 h - 9 curare darts (quivered)
 A - 68 javelins
Armour
 a - a +0 plate armour
 b - a +0 ring mail (worn)
 f - a +0 cloak (worn)
 g - a +0 chain mail
 j - a +1 shield (worn)
 u - a +0 pair of boots (worn)
 v - a +0 pair of gloves (worn)
 x - a +0 helmet (worn)
 y - the +0 chain mail "Regat" {*Contam rElec rPois Slay+2}
   (You took it off a gnoll on level 5 of the Dungeon)

   It affects your accuracy and damage with ranged weapons and melee attacks
   (+2).
   It insulates you from electricity.
   It protects you from poison.
   It causes magical contamination when unequipped.
Jewellery
 d - a ring of poison resistance (left hand)
Wands
 m - a wand of lightning (2)
 n - a wand of digging (9)
 C - a wand of scattershot (4)
Scrolls
 p - 2 scrolls of teleportation
 r - 3 scrolls of magic mapping
 s - a scroll of fog
 t - 2 scrolls of blinking
Potions
 c - a potion of lignification
 e - 2 potions of heal wounds
 i - 2 potions of cancellation
 k - a potion of mutation
 o - 2 potions of flight
 q - 2 potions of haste
 z - a potion of magic
 B - a potion of augmentation


   Skills:
 + Level 6.5 Fighting
 + Level 5.5 Armour
 - Level 1.5 Dodging
 - Level 2.3 Stealth
 + Level 3.8 Shields
 + Level 8.4 Fire Magic
 + Level 3.2 Air Magic
 + Level 2.1 Invocations


You had 5 spell levels left.
You knew the following spells:

 Your Spells              Type           Power        Failure   Level  Hunger
a - Flame Tongue          Fire           37 (40)      5%          1    N/A
b - Searing Ray           Fire           37 (50)      8%          2    N/A
c - Conjure Flame         Fire/Air       25 (100)     34%         3    N/A
d - Fulminant Prism       Air            14 (200)     100%        5    N/A

Your spell library contained the following spells:

 Spells                   Type           Power        Failure   Level  Hunger
 Fireball                 Fire           37 (200)     73%         5    N/A
 Sticky Flame             Fire           37 (100)     38%         4    N/A
 Shatter                  Erth           0 (200)      100%        9    N/A
 Static Discharge         Air            14 (100)     69%         3    N/A
 Tornado                  Air            14 (200)     100%        9    N/A
 Ignition                 Fire           37 (200)     100%        8    N/A

Dungeon Overview and Level Annotations

Branches:
Dungeon (6/15)

Altars:
Cheibriados
Dithmenos
Elyvilon
Jiyva
Kikubaaqudgha
Makhleb
Okawaru
Ru
Sif Muna
Trog
Vehumet
Wu Jian
Xom
Yredelemnul
Zin
The Shining One


Innate Abilities, Weirdness & Mutations

Your spells are a little harder to cast, but a little more powerful.
Your movements are less encumbered by armour. (ER -6)
You are agile. (Dex +5)
You are somewhat resistant to further mutation.
Potions take you a little longer to quaff.


Message History

You barely miss the white ugly thing.
The white ugly thing is heavily wounded.
You closely miss the angry ghost.
Unknown command.
You completely miss the white ugly thing.
The white ugly thing is heavily wounded.
You closely miss the angry ghost. The white ugly thing stings you (4).
* * * LOW HITPOINT WARNING * * *
The white ugly thing freezes you (15)!
* * * LOW HITPOINT WARNING * * *
The angry ghost hits you (1).
* * * LOW HITPOINT WARNING * * *
You closely miss the white ugly thing.
The white ugly thing is heavily wounded.
You slash the angry ghost (8)!
There is a fiery explosion!
The angry ghost is burned (1)!
The white ugly thing is burned (3)!
The white ugly thing stings you (3). Elyvilon protects you from harm!
The white ugly thing freezes you (32)!!
You die...

......##...#### ##...#
......##...###≈§≈§≈≈§§≈≈
##..#
...........##≈§≈§≈≈≈≈≈≈≈
##.#
..........##§≈≈≈≈§§≈≈≈≈≈
###
..........#≈≈§≈≈≈§≈≈≈≈≈≈
..........#≈§§≈§§≈§≈≈≈≈≈
..........#≈≈§≈≈§§8..8≈
..........'§.§..W.§#
......##[.'.§...@u.#
......##..#§≈≈§≈≈≈8§.8≈≈
...>..+...#≈§≈§§≈≈§§≈§≈§
......#...#≈≈≈≈≈≈§§≈§§§≈
......#...##§§≈≈≈≈§§≈§§≈
......##...##≈≈≈≈§≈§≈≈≈§
......##...###≈§≈≈≈§≈§≈≈
...........# ##§≈≈§≈≈§≈§
...........#


You could see a white ugly thing and an angry ghost.

Vanquished Creatures
  2 black bears (D:6)
  An ogre (D:5)
  2 centaurs
  2 scorpions
  A wyvern skeleton (D:5)
  5 wights (D:6)
  A crimson imp (D:5)
  3 howler monkeys
  A quasit (D:5)
  2 centaur zombies
  A bullfrog skeleton (D:4)
  4 orc priests
  4 hounds
  A jelly (D:5)
  4 orc wizards
  2 centaur skeletons
  Natasha (thrice) (D:3)
  4 worker ants
  5 big kobold zombies (Ossuary)
  A hound zombie (D:6)
  A mummy (Ossuary)
  6 adders
  3 gnolls (D:5)
  A shadow imp (D:5)
  An ooze (D:4)
  An adder skeleton (D:4)
  A dart slug (D:6)
  7 orcs
  12 quokkas
  2 spectral bats (Ossuary)
  2 ball pythons
  3 giant cockroaches
  4 goblins
  9 hobgoblins
  4 jackals
  8 bats
  2 bat simulacra (Ossuary)
  4 frilled lizards
  7 gnoll zombies (Ossuary)
  A goblin simulacrum (Ossuary)
  4 goblin zombies (Ossuary)
  6 hobgoblin zombies (Ossuary)
  A kobold (D:2)
  4 kobold simulacra (Ossuary)
  3 kobold zombies (Ossuary)
  5 orc zombies (Ossuary)
  A quokka skeleton (D:4)
  5 rats
  2 rat simulacra (Ossuary)
  A spectral goblin (Ossuary)
  2 spectral kobolds (Ossuary)
  3 spectral rats (Ossuary)
165 creatures vanquished.

Notes
Turn   | Place    | Note
-------+----------+-------------------------------------------
     0 | D:1      | Metalrift the Mountain Dwarf Fire Elementalist began the quest for the Orb.
     0 | D:1      | Reached XP level 1. HP: 13/13 MP: 2/2
   214 | D:1      | Reached XP level 2. HP: 19/19 MP: 0/4
   217 | D:1      | Learned a level 2 spell: Searing Ray
   517 | D:1      | Reached skill level 5 in Fire Magic
   757 | D:2      | Reached XP level 3. HP: 25/25 MP: 2/5
   763 | D:2      | Learned a level 3 spell: Conjure Flame
   774 | D:2      | Found a glowing silver altar of Zin.
   802 | D:2      | Found a burning altar of Makhleb.
   875 | D:2      | Reached skill level 1 in Fighting
   901 | D:2      | Found an iron altar of Okawaru.
  1047 | D:2      | Reached XP level 4. HP: 32/32 MP: 5/7
  1079 | D:2      | Reached skill level 1 in Armour
  1300 | D:3      | Noticed Natasha
  1319 | D:3      | Killed Natasha
  1385 | D:3      | Found a basalt altar of Yredelemnul.
  1391 | D:3      | Reached XP level 5. HP: 30/37 MP: 1/8
  1749 | D:3      | Reached skill level 6 in Fire Magic
  1935 | D:3      | Gained mutation: Your spells are a little harder to cast, but a little more powerful. [Mountain Dwarf growth]
  1935 | D:3      | Reached XP level 6. HP: 36/46 MP: 0/10
  2123 | D:3      | Found a shadowy altar of Dithmenos.
  2228 | D:3      | Noticed Natasha
  2235 | D:3      | Killed Natasha
  2337 | D:3      | Noticed Natasha
  2343 | D:3      | Killed Natasha
  2391 | D:3      | Gained mutation: You are frail. (-10% HP) [mutagenic hatch]
  2400 | D:4      | Reached skill level 7 in Fire Magic
  2400 | D:4      | Reached XP level 7. HP: 46/46 MP: 9/12
  2408 | D:4      | Found a sand-covered staircase.
  2433 | Ossuary  | Entered an ossuary
  2989 | Ossuary  | Lost mutation: You are frail. (-10% HP) [potion of mutation]
  2989 | Ossuary  | Gained mutation: You are frail. (-10% HP) [potion of mutation]
  2989 | Ossuary  | Gained mutation: You possess an exceptional clarity of mind. [potion of mutation]
  2989 | Ossuary  | Gained mutation: Armour fits poorly on your strangely shaped body. [potion of mutation]
  2989 | Ossuary  | Gained mutation: You can translocate small distances at will. [potion of mutation]
  2990 | Ossuary  | Lost mutation: You possess an exceptional clarity of mind. [potion of mutation]
  2990 | Ossuary  | Lost mutation: You are frail. (-10% HP) [potion of mutation]
  2990 | Ossuary  | Lost mutation: You can translocate small distances at will. [potion of mutation]
  2990 | Ossuary  | Lost mutation: Armour fits poorly on your strangely shaped body. [potion of mutation]
  2990 | Ossuary  | Gained mutation: You are agile. (Dex +5) [potion of mutation]
  2990 | Ossuary  | Gained mutation: Potions take you a little longer to quaff. [potion of mutation]
  2990 | Ossuary  | Gained mutation: You are somewhat resistant to further mutation. [potion of mutation]
  3148 | D:4      | Found an ornate altar of the Wu Jian Council.
  3457 | D:4      | Found an ancient bone altar of Kikubaaqudgha.
  3506 | D:4      | Reached skill level 1 in Shields
  3561 | D:4      | Found a sacrificial altar of Ru.
  3563 | D:4      | Found a radiant altar of Vehumet.
  3563 | D:4      | Found a deep blue altar of Sif Muna.
  3565 | D:4      | Found a viscous altar of Jiyva.
  3572 | D:4      | Found a white marble altar of Elyvilon.
  3664 | D:4      | Learned a level 5 spell: Fulminant Prism
  3672 | D:4      | Became a worshipper of Elyvilon the Healer
  3705 | D:5      | Entered Level 5 of the Dungeon
  3713 | D:5      | Reached skill level 5 in Fighting
  3713 | D:5      | Reached skill level 1 in Air Magic
  3713 | D:5      | Reached XP level 8. HP: 60/62 MP: 14/14
  4102 | D:5      | Got the +0 chain mail "Regat" {*Contam rElec rPois Slay+2}
  4124 | D:5      | Found a glowing golden altar of the Shining One.
  4216 | D:5      | Reached * piety under Elyvilon
  4410 | D:5      | Reached skill level 8 in Fire Magic
  4493 | D:6      | Reached skill level 5 in Armour
  4771 | D:6      | Reached XP level 9. HP: 50/69 MP: 13/15
  4780 | D:6      | Reached skill level 1 in Invocations
  4788 | D:6      | Found a snail-covered altar of Cheibriados.
  4804 | D:6      | Found a shimmering altar of Xom.
  4845 | D:6      | Found a bloodstained altar of Trog.
  5054 | D:6      | Noticed a white ugly thing
  5065 | D:6      | HP: 4/106 [white ugly thing (15)]
  5066 | D:6      | Elyvilon protects you from harm!
  5066 | D:6      | Annihilated by a white ugly thing

Skill      XL: |  1  2  3  4  5  6  7  8  9 |
---------------+----------------------------+-----
Fire Magic     | 5 6 7 8 |  8.4
Stealth        | 2 |  2.3
Fighting       | 1 2 3 5 6 |  6.5
Armour         | 1 2 3 4 5 |  5.5
Shields        | 1 3 |  3.8
Air Magic      | 1 2 3 |  3.2
Invocations    | 2 |  2.1
Dodging        | |  1.5

Action                   |  1- 3 |  4- 6 |  7- 9 || total
-------------------------+-------+-------+-------++-------
Melee: Whip              |    10 |    31 |    67 ||   108
       Unarmed           |     1 |       |       ||     1
       Hand axe          |       |       |   178 ||   178
 Cast: Flame Tongue      |    49 |    58 |   185 ||   292
       Searing Ray       |       |     7 |     2 ||     9
  Use: Potion            |       |       |     2 ||     2
       Scroll            |       |       |     2 ||     2
Armor: Ring mail         |    18 |    15 |   156 ||   189
       Chain mail        |       |     8 |     2 ||    10
Dodge: Dodged            |    15 |    46 |   173 ||   234
Block: Shield            |       |       |   125 ||   125
